Map: Abyssal Reef LE

Players

TimeTwist - Winner!

  • Race: Zerg Zerg
  • Spawn Location: 11:00

Loken

  • Race: Protoss Protoss
  • League: Platinum
  • Spawn Location: 5:00

VOD

Have the link to the VOD?

Description

Time

  • Played on: March 15, 2017, 6:20 p.m.
  • Length: 7:57
Show
View Real Time Build Order
Export as new Build Order

TimeTwist Zerg - Winner!

Build Orders: Hatch First 

Get SALT Encoding   

  12  0:01  Drone  
  13  0:12  Overlord  
  13  0:17  Drone  
  14  0:31  Drone x2  
  14  0:35  Drone  
  17  0:45  Drone  
  18  0:58  Hatchery  
  17  1:13  Spawning Pool  
  17  1:15  Drone  
  17  1:17  Drone  
  18  1:20  Drone  
  19  1:29  Drone  
  20  1:43  Overlord  
  20  2:02  Zergling x4  
  20  2:03  Queen  
  23  2:20  Zergling x4  
  25  2:32  Extractor  
  24  2:41  Hatchery  
  21  2:45  Drone x3  
  24  3:12  Drone x3  
  27  3:26  Roach Warren  
  26  3:30  Overlord x2  
  26  3:51  Drone x2  
  26  3:52  Drone  
  26  3:54  Drone x3  
  32  3:56  Queen  
  32  4:02  Drone  
  35  4:09  Lair  
  35  4:13  Extractor  
  35  4:14  Drone  
  35  4:25  Overlord x2  
  35  4:26  Drone x2  
  35  4:27  Drone x2  
  39  4:44  Roach x3  
  39  4:45  Roach  
  47  5:00  Roach x4  
  47  5:01  Roach  
  47  5:05  Roach  
  47  5:06  Overlord  
  59  5:13  Glial Reconstitution  
  59  5:22  Overlord  
  59  5:23  Overlord  
  59  5:37  Roach x4  
  67  5:47  Overseer  
  67  5:49  Roach  
  69  5:54  Roach  
  69  5:55  Roach  
  73  6:12  Roach x3  
  79  6:23  Drone  
  79  6:24  Drone  
  81  6:27  Metabolic Boost  
  81  6:31  Overlord x2  
  81  7:01  Zergling x4  
  81  7:02  Zergling x14  
  81  7:03  Zergling x8  
  81  7:29  Zergling x2  
  78  7:30  Zergling x6  
Show
View Real Time Build Order
Export as new Build Order

Loken Protoss 

Build Orders: Cannon Rush 

Get SALT Encoding   

  12  0:01  Probe (Chrono Boost)  
  13  0:12  Probe (Chrono Boost)  
  14  0:24  Pylon  
  14  0:27  Probe (Chrono Boost)  
  16  0:43  Probe (Chrono Boost)  
  16  0:46  Forge  
  16  0:57  Probe (Chrono Boost)  
  17  1:08  Probe (Chrono Boost)  
  18  1:12  Pylon  
  19  1:18  Probe (Chrono Boost)  
  19  1:26  Gateway  
  19  1:36  Photon Cannon  
  19  1:37  Photon Cannon  
  19  1:47  Photon Cannon  
  19  1:50  Pylon  
  19  1:58  Photon Cannon  
  19  2:24  Photon Cannon  
  19  2:29  Gateway  
  19  2:31  Gateway  
  19  2:34  Zealot  
  21  2:44  Photon Cannon  
  21  2:47  Probe (Chrono Boost)  
  22  3:00  Photon Cannon  
  22  3:09  Photon Cannon  
  22  3:21  Cybernetics Core  
  22  3:24  Probe (Chrono Boost)  
  22  3:26  Assimilator  
  23  3:30  Assimilator  
  23  3:48  Zealot x2  
  27  3:49  Zealot  
  27  3:53  Probe (Chrono Boost)  
  30  4:04  Probe (Chrono Boost)  
  31  4:19  Nexus  
  31  4:21  Warp Gate  
  31  4:34  Pylon  
  31  4:35  Probe (Chrono Boost)  
  32  4:46  Probe (Chrono Boost)  
  33  4:56  Pylon  
  33  4:58  Stalker x2  
  37  5:05  Stalker  
  38  5:09  Probe (Chrono Boost)  
  39  5:20  Probe (Chrono Boost)  
  40  5:22  Pylon  
  40  5:31  Mothership Core (Chrono Boost)  
  40  5:32  Probe (Chrono Boost)  
  43  5:43  Probe (Chrono Boost)  
  43  5:49  Twilight Council, Probe (Chrono Boost)  
  45  5:58  Probe (Chrono Boost)  
  45  6:00  Probe (Chrono Boost)  
  45  6:03  Assimilator  
  47  6:08  Probe (Chrono Boost)  
  47  6:10  Probe (Chrono Boost)  
  49  6:12  Robotics Facility  
  49  6:19  Probe (Chrono Boost)  
  49  6:21  Probe (Chrono Boost)  
  51  6:29  Probe (Chrono Boost)  
  51  6:31  Probe (Chrono Boost)  
  53  6:40  Probe (Chrono Boost)  
  53  6:42  Probe (Chrono Boost)  
  53  6:43  Stalker x3  
  61  7:14  Stalker x2  
  30  7:37  Pylon  
Tags
 
Add a new tag
Caveats
  • Supply blocks, unpowered buildings, or Contaminate may cause inaccurate times.
  • Supply counts are checked every 10 seconds.